 Dungeon Crawl Stone Soup version 0.25-b1-23-ge2ad7d536c (webtiles) character file.

Game seed: 1178541965331269373, levelgen mode: deterministic

3362 Esekla the Slasher (level 10, 0/73 HPs)
             Began as a Vine Stalker Skald on June 1, 2020.
             Succumbed to a killer bee's poison
             ... on level 7 of the Dungeon.
             The game lasted 01:09:48 (7119 turns).

Esekla the Slasher (Vine Stalker Skald)             Turns: 7119, Time: 01:09:49

Health: 0/73       AC: 28    Str: 15    XL:     10   Next: 3%
Magic:  2/19       EV:  2    Int: 16    God:
Gold:   346        SH:  7    Dex: 13    Spells: 5/20 levels left

rFire    . . .     SeeInvis .   a - +1 falchion
rCold    . . .     Gourm    .   h - +2 buckler {AC+3}
rNeg     + + +     Faith    .   (armour currently unavailable)
rPois    +         Spirit   +   (helmet currently unavailable)
rElec    .         Reflect  .   (cloak currently unavailable)
rCorr    +         Harm     .   (gloves currently unavailable)
MR       +....     NoTele   +   (boots currently unavailable)
Stlth    +.........             q - amulet of magic regeneration
HPRegen  0.62/turn              m - ring of resist corrosion
MPRegen  0.41/turn              (no ring)

@: lethally poisoned (0 -> -1), tree-form, singing (expiring)
A: regeneration 1, magic shield, no potion heal 3, rot immunity
a: no special abilities


You were on level 7 of the Dungeon.
You were not hungry.
You were a tree.
You visited 2 branches of the dungeon, and saw 9 of its levels.

You collected 346 gold pieces.

Inventory:

Hand Weapons
 a - a +1 falchion (weapon)
 w - a +1 vampiric battleaxe
 y - a +2 dagger of electrocution
 J - a +2 scythe of protection
Missiles
 j - 30 poisoned darts (quivered)
 l - 5 boomerangs
 v - 8 curare-tipped darts
Armour
 b - a +0 leather armour (melded)
 h - a +2 buckler of protection (worn)
 o - a +0 cloak (melded)
Jewellery
 m - a ring of resist corrosion (left branch)
 p - an uncursed amulet of the acrobat
 q - an amulet of magic regeneration (around neck)
 I - an uncursed amulet of faith
Wands
 u - a wand of iceblast (25)
 x - a wand of flame (18)
 C - a wand of digging (6)
Scrolls
 f - 3 scrolls of remove curse
 g - 2 scrolls of magic mapping {unknown}
 i - a scroll of random uselessness {unknown}
 k - a scroll of immolation {unknown}
 n - 2 scrolls of enchant weapon
 s - a scroll of amnesia
 t - 2 scrolls of blinking {unknown}
 F - a scroll of fog
 H - a scroll of teleportation
Potions
 c - a potion of stabbing
 r - a potion of mutation
 z - a potion of magic
 A - a potion of haste
 D - a potion of invisibility
Comestibles
 d - 13 rations


   Skills:
 + Level 3.4 Fighting
 + Level 5.5 Long Blades
 * Level 2.7 Axes
 + Level 1.5 Throwing
 + Level 3.0 Armour
 + Level 3.0 Dodging
 * Level 3.9 Shields
 * Level 5.5 Spellcasting
 * Level 2.1 Conjurations
 + Level 3.5 Charms
 * Level 4.7 Translocations
 * Level 3.8 Ice Magic
 * Level 1.3 Air Magic
 * Level 2.0 Poison Magic
 + Level 0.1 Evocations


You had 5 spell levels left.
You knew the following spells:

 Your Spells              Type           Power        Failure   Level  Hunger
a - Ozocubu's Armour      Chrm/Ice       ###.....     10%         3    ###....
b - Blink                 Tloc           N/A          3%          2    #......
c - Mephitic Cloud        Conj/Pois/Air  ##......     21%         3    ###....
f - Conjure Flame         Conj/Fire      #.......     28%         3    ###....
g - Shroud of Golubria    Chrm/Tloc      ###...       4%          2    #......
s - Song of Slaying       Chrm           ###.....     5%          2    #......

Your spell library contained the following spells:

 Spells                   Type           Power        Failure   Level  Hunger
 Infusion                 Chrm           ###.         3%          1    None
 Magic Dart               Conj           ##..         6%          1    None
 Beastly Appendage        Tmut           #.....       14%         1    None
 Call Imp                 Summ           #.......     22%         2    #......
 Slow                     Hex            #.......     22%         2    #......
 Sticks to Snakes         Tmut           #.......     22%         2    #......
 Spectral Weapon          Hex/Chrm       ##......     22%         3    ###....
 Spider Form              Tmut/Pois      #.........   28%         3    ###....
 Ice Form                 Ice/Tmut       ##......     54%         4    ####...
 Blade Hands              Tmut           #.........   99%         5    ######.


Dungeon Overview and Level Annotations

Branches:
Dungeon (8/15)             Temple (1/1) D:6
   Lair: D:8-11

Altars:
Ashenzari
Cheibriados
Dithmenos
Elyvilon
Gozag
Hepliaklqana
Kikubaaqudgha
Makhleb
Nemelex Xobeh
Okawaru
Ru
Sif Muna
Trog
Uskayaw
Wu Jian
Xom
Yredelemnul
Zin
The Shining One


Innate Abilities, Weirdness & Mutations

((You have razor-sharp teeth.))
Your natural rate of healing is unusually fast.
When hurt, damage is shared between your health and your magic reserves.
((Your bite disrupts and absorbs the magic of your enemies.))
Potions cannot restore your health.
You are immune to rotting.


Message History

Really quaff the potion of lignification?
You turn into a tree.
Your +0 cloak melds into your body.
Your +0 leather armour melds into your body.
Your roots penetrate the ground.
Your song is almost over.
* * * LOW HITPOINT WARNING * * *
You feel sick.
The killer bee stings you but does no damage.
The killer bee completely misses you.
You hit the killer bee.
You kill the killer bee!
* * * LOW HITPOINT WARNING * * *
You feel sick.
Okay, then.
There is a lethal amount of poison in your body!
* * * LOW HITPOINT WARNING * * *
You feel sick.
* * * LOW HITPOINT WARNING * * *
You feel sick.
You die...

#........###...##....#
#.......######.......#
....##..........#....#
....##.....###.##....#
...>##.###.# #..###########
#......# #.####.....#.....##
#....### #.................##
..##..#######....†..........#
#####..##[..#...♣...........#
## ##..#...#..†............#
.## ##.#...#.........(.....#
..### #.#...#...............#
#...###.#...#...............#
..#.##......##.............##
#.#.#..##.....#.....#.....##
#.#.#.###...#.#############
#.....###...#.##


There were no monsters in sight!

Vanquished Creatures
  Grinder (D:5)
  Sigmund (D:2)
  Eustachio (D:4)
  A human (D:6)
  Menkaure (D:5)
  Edmund (D:5)
  2 orc warriors
  A black bear (D:7)
  2 phantoms
  An ogre (D:5)
  A centaur (D:7)
  2 ice beasts (D:6)
  A big kobold (D:7)
  3 bullfrogs
  A gnoll sergeant (D:6)
  11 killer bees (D:7)
  3 wights (D:6)
  3 crimson imps
  A bullfrog skeleton (D:6)
  3 orc priests
  3 hounds
  An iguana (D:4)
  2 orc wizards
  4 worker ants
  A hound skeleton (D:7)
  10 gnolls
  8 adders
  A worm (D:2)
  3 dart slugs
  5 leopard geckos
  10 orcs
  3 giant cockroaches
  5 goblins
  2 hobgoblins
  7 jackals
  3 quokkas
  3 ball pythons
  5 bats
  5 frilled lizards
  12 kobolds
  A kobold skeleton (D:6)
  A leopard gecko skeleton (D:7)
  A quokka skeleton (D:7)
  11 rats
  A spectral orc (D:5)
149 creatures vanquished.

Vanquished Creatures (others)
  A quokka (D:6)
1 creature vanquished.

Grand Total: 150 creatures vanquished

Notes
Turn   | Place    | Note
-------+----------+-------------------------------------------
     0 | D:1      | Esekla the Vine Stalker Skald began the quest for the Orb.
     0 | D:1      | Reached XP level 1. HP: 11/11 MP: 4/4
   123 | D:1      | Reached skill level 1 in Armour
   123 | D:1      | Reached XP level 2. HP: 10/15 MP: 3/6
   128 | D:1      | Learned a level 2 spell: Shroud of Golubria
   131 | D:1      | Learned a level 2 spell: Song of Slaying
   514 | D:3      | Noticed a +0 hand axe
   532 | D:3      | Found a hide-covered altar of Uskayaw.
   555 | D:3      | Noticed a +0 dagger
   764 | D:3      | Reached XP level 3. HP: 12/18 MP: 1/7
   947 | D:4      | Reached skill level 1 in Translocations
  1066 | D:4      | Learned a level 3 spell: Ozocubu's Armour
  1068 | D:4      | Noticed Eustachio
  1104 | D:4      | Killed Eustachio
  1104 | D:4      | Reached skill level 1 in Shields
  1104 | D:4      | Gained mutation: Your natural rate of healing is unusually
                  | fast. [Vine Stalker growth]
  1104 | D:4      | Reached XP level 4. HP: 2/23 MP: 1/9
  1104 | D:4      | Reached XP level 5. HP: 2/26 MP: 1/10
  1274 | D:5      | Entered Level 5 of the Dungeon
  1371 | D:5      | Found a basalt altar of Yredelemnul.
  1414 | D:5      | Reached XP level 6. HP: 29/30 MP: 9/11
  1443 | D:5      | Reached skill level 1 in Throwing
  1588 | D:6      | Noticed an ice beast
  1616 | D:5      | Noticed Grinder
  1617 | D:5      | Noticed Edmund
  1637 | D:5      | Killed Grinder
  1637 | D:5      | Reached skill level 1 in Ice Magic
  1637 | D:5      | Reached XP level 7. HP: 21/35 MP: 10/13
  1693 | D:5      | Killed Edmund
  1748 | D:5      | Noticed Menkaure
  1753 | D:5      | Killed Menkaure
  1999 | D:5      | Gained mutation: You have razor-sharp teeth. [Vine Stalker
                  | growth]
  1999 | D:5      | Reached XP level 8. HP: 39/39 MP: 14/14
  2071 | D:6      | Found a staircase to the Ecumenical Temple.
  2077 | Temple   | Entered the Ecumenical Temple
  2737 | D:4      | Found a burning altar of Makhleb.
  3279 | D:6      | Found a runed translucent door.
  3292 | D:6      | Reached skill level 5 in Long Blades
  3299 | D:6      | Found a basalt altar of Yredelemnul.
  3473 | D:6      | Learned a level 2 spell: Blink
  3477 | D:6      | Learned a level 3 spell: Mephitic Cloud
  3481 | D:6      | Learned a level 3 spell: Conjure Flame
  3681 | D:6      | Reached skill level 1 in Axes
  3909 | D:6      | Reached XP level 9. HP: 44/44 MP: 15/17
  4600 | D:7      | Reached skill level 1 in Poison Magic
  4677 | D:7      | Reached skill level 5 in Spellcasting
  4709 | D:7      | Reached skill level 1 in Conjurations
  4709 | D:7      | Reached skill level 1 in Air Magic
  5900 | D:2      | Noticed Sigmund
  5915 | D:2      | Killed Sigmund
  6956 | D:8      | Found an ancient bone altar of Kikubaaqudgha.
  6956 | D:8      | Noticed an orange demon
  7095 | D:7      | Reached XP level 10. HP: 38/49 MP: 17/19
  7114 | D:7      | HP: 2/49 [poisoned by a killer bee]
  7119 | D:7      | Succumbed to a killer bee's poison

Illustrated notes

Levels and vault maps discovered:
D:1:      minmay_arrival_three_doors, layout_rooms, kennysheep_decorative_pillar
D:2:      layout_loops_corners, first_ration, uniq_sigmund
D:3:      layout_basic, dancing_weapons_uskayaw,
          minmay_fractal_squares_gapless_5
D:4:      layout_basic, makhleb_blood_cavern_becter, hangedman_glass_teeth,
          uniq_eustachio
D:5:      layout_basic, yredelemnul_forgotten_temple_becter, uniq_grinder,
          uniq_menkaure, uniq_edmund
D:6:      layout_basic, temple_statues, dk_yredelemnul_ordeal
D:7:      layout_rooms
D:8:      layout_basic, david_nohive_1, grunt_ministairs_8, lemuel_hellish_altar
Temple:   compressed_dpeg_circular_temple

Skill      XL: |  1  2  3  4  5  6  7  8  9 10 |
---------------+-------------------------------+-----
Long Blades    | 2 3 4 5 |  5.5
Armour         | 1 2 3 |  3.0
Fighting       | 2 3 |  3.4
Translocations | 1 2 4 |  4.7
Shields        | 1 2 3 |  3.9
Spellcasting   | 3 4 5 |  5.5
Throwing       | 1 |  1.5
Dodging        | 2 3 |  3.0
Ice Magic      | 1 2 3 |  3.8
Axes           | 1 2 |  2.7
Poison Magic   | 2 |  2.0
Conjurations   | 1 2 |  2.1
Air Magic      | 1 |  1.3
Charms         | |  3.5
Evocations     | |  0.1

Action                   |  1- 3 |  4- 6 |  7- 9 | 10-12 || total
-------------------------+-------+-------+-------+-------++-------
Melee: Falchion          |    78 |    84 |   485 |    17 ||   664
       Bite              |    15 |    17 |   159 |     1 ||   192
       Battleaxe         |       |       |    79 |       ||    79
Throw: Dart              |     9 |     3 |    17 |       ||    29
 Cast: Infusion          |     1 |       |       |       ||     1
       Shroud of Golubri |       |     5 |    11 |       ||    16
       Song of Slaying   |       |       |    11 |       ||    11
       Ozocubu's Armour  |       |       |     7 |       ||     7
       Blink             |       |       |     2 |       ||     2
Evoke: Wand              |       |       |     4 |       ||     4
  Use: Scroll            |     8 |     2 |     8 |       ||    18
       Potion            |       |       |     2 |     4 ||     6
  Eat: Chunk             |       |     3 |    20 |       ||    23
Armor: Leather armour    |    24 |    19 |   134 |     6 ||   183
       Skin              |       |       |    21 |     1 ||    22
Dodge: Dodged            |    47 |    29 |   320 |    25 ||   421
Block: Buckler           |    13 |    22 |   169 |    14 ||   218
       Rpst.: Falchion   |    22 |     8 |    86 |     5 ||   121
